 Dungeon Crawl Stone Soup version 0.29.1-2-gbd0b4ee654 (webtiles) character file.

Game seed: 17789694925090053794

6694 KittyFluff the Cruncher (level 11, -7/97 HPs)
             Began as a Gargoyle Berserker on Nov 12, 2022.
             Was a High Priest of Trog.
             Mangled by a yak (8 damage)
             ... on level 9 of the Dungeon.
             The game lasted 00:46:30 (10076 turns).

KittyFluff the Cruncher (Gargoyle Berserker)       Turns: 10076, Time: 00:46:31

Health: -7/97      AC: 16    Str: 20    XL:     11   Next: 3%
Magic:  11/11      EV: 13    Int:  9    God:    Trog [*****.]
Gold:   533        SH:  0    Dex: 13    Spells: 10/10 levels left

rFire   . . .      SeeInvis +   o - +3 quarterstaff (chaos)
rCold   . . .      Faith    .   (shield currently unavailable)
rNeg    + . .      Spirit   .   h - +0 leather armour
rPois   ∞          Reflect  .   f - +1 helmet
rElec   +          Harm     .   p - +0 cloak
rCorr   .          Rampage  .   v - +0 pair of gloves
Will    .....                   (no boots)
Stlth   ..........              (no amulet)
HPRegen 0.26/turn               e - ring of see invisible
MPRegen 0.12/turn               G - ring "Terimai" {rPois SInv}

@: berserking, very quick
A: sickness immunity, AC +8, negative energy resistance 1, electricity
resistance, torment resistance 1, petrification resistance
a: Renounce Religion, Berserk, Trog's Hand, Brothers in Arms


You were on level 9 of the Dungeon.
You worshipped Trog.
Trog was extremely pleased with you.
You visited 1 branch of the dungeon, and saw 9 of its levels.
You also visited: Sewer.

You collected 533 gold pieces.

Inventory:

Hand Weapons
 j - a +0 quarterstaff
 o - a +3 quarterstaff of chaos (weapon)
 E - a +1 vorpal flail
 H - the +8 sling of Asoamuaf {vorpal, Fly rElec rC- Int+2}
   (You found it on level 5 of the Dungeon)

   Any ammunition fired from it inflicts extra damage upon your enemies.
   Int:       It affects your intelligence (+2).
   rC:        It makes you vulnerable to cold.
   rElec:     It insulates you from electricity.
   Fly:       It grants you flight.
 K - a +2 mace of venom
 O - a +0 flail of protection
Missiles
 l - 22 poisoned darts (quivered)
 q - 5 silver javelins
 t - a throwing net
 x - 6 boomerangs
 y - 5 javelins
 I - 2 boomerangs of dispersal
Armour
 b - a +0 buckler
 f - a +1 helmet (worn)
 h - a +0 leather armour (worn)
 p - a +0 cloak (worn)
 v - a +0 pair of gloves (worn)
Jewellery
 e - a ring of see invisible (left hand)
 G - the ring "Terimai" (right hand) {rPois SInv}
   (You found it on level 5 of the Dungeon)

   [ring of see invisible]

   rPois:     It protects you from poison.
   SInv:      It lets you see invisible.
Wands
 m - a wand of digging (5)
 P - a wand of roots (15)
Scrolls
 c - 3 scrolls of enchant weapon
 d - 5 scrolls of teleportation {unknown}
 i - a scroll of acquirement {unknown}
 k - a scroll of noise {unknown}
 r - 2 scrolls of butterflies
 u - 2 scrolls of fear {unknown}
 w - 2 scrolls of vulnerability {unknown}
 D - 3 scrolls of magic mapping {unknown}
 F - 2 scrolls of enchant armour {unknown}
 L - 2 scrolls of poison {unknown}
 N - a scroll of torment {unknown}
 Q - a scroll of brand weapon {unknown}
Potions
 a - 3 potions of haste
 g - 3 potions of attraction
 n - 10 potions of mutation
 s - 2 potions of might
 z - 2 potions of ambrosia {unknown}
 A - 3 potions of heal wounds {unknown}
 B - 3 potions of curing {unknown}
 C - 3 potions of lignification
 J - a potion of brilliance {unknown}
 M - a potion of magic {unknown}


   Skills:
 + Level 6.3 Fighting
 + Level 4.2(8.0) Maces & Flails
 * Level 10.5(10.9) Staves
 + Level 6.1 Ranged Weapons
 + Level 2.8 Throwing
 * Level 7.0 Armour
 + Level 4.0 Dodging
 + Level 3.2 Stealth
 * Level 2.4 Evocations


You had 10 spell levels left.
You didn't know any spells.
Your spell library was empty.

Dungeon Overview and Level Annotations

Branches:
Dungeon (9/15)             Temple (0/1) D:5           Sewer (visited)
   Lair: D:8-11         Orc: D:9-12

Altars:
Fedhas
Hepliaklqana
Makhleb
Sif Muna
Zin

Shops:
D:5 (


Innate Abilities, Weirdness & Mutations

You are immune to sickness and miasma.
Your stone body is resilient. (AC +8)
You are immune to poison.
You resist negative energy. (rN+)
You are resistant to electric shocks. (rElec)
You are resistant to unholy torment.
You are immune to petrification.


Message History

* * * LOW HITPOINT WARNING * * *
The yak barely misses you.
You barely miss the wyvern.
The wyvern is heavily wounded.
The wyvern misses you.
You sock the wyvern!
The wyvern is almost dead.
The wyvern bites you but does no damage.
The yak gores you!
* * * LOW HITPOINT WARNING * * *
You thump the wyvern!
You kill the wyvern!
Trog accepts your kill.
You have reached level 11!
You closely miss the yak.
The yak is moderately wounded.
You barely miss the yak.
The yak is moderately wounded.
The yak closely misses you.
You sock the yak!
The yak is heavily wounded.
The yak misses you. The yak gores you but does no damage.
The orc priest mumbles some strange prayers to Beogh against you.
Beogh smites you!
* * * LOW HITPOINT WARNING * * *
You hear a shout!
You closely miss the yak. You bludgeon the yak!!
You feel better.
The yak is heavily wounded.
You bludgeon the yak!!
You feel the power of Trog in you as your rage grows.
You kill the yak!
Trog accepts your kill. The yak gores you.
* * * LOW HITPOINT WARNING * * *
Your Armour skill increases to level 7!
You closely miss the orc. The orc hits you with a +0 whip.
* * * LOW HITPOINT WARNING * * *
The yak gores you!
You die...

#...........#
####...........
#...........#
############
#...........# #
####'######## ###..#
#...## #.### ####### #.#
###.......
###'###########@ooo.....
#...........##.Y#.......
#....>......'..##.......
# #..<.<......####
....... # #...........#
....... ##'##########
....... #..# .......
##.# ....... #.#


You could see a yak, an orc priest and 2 orcs.

Vanquished Creatures
  Pikel (D:8)
  Joseph (D:8)
  Maurice (D:8)
  Grinder (D:4)
  Prince Ribbit (D:9)
  2 wyverns (D:9)
  8 yaks (D:9)
  Menkaure (D:5)
  Edmund (D:4)
  Duvessa (D:6)
  4 black bears
  A sky beast (D:6)
  An ogre (D:5)
  2 centaurs
  4 lemures (D:8)
  A kobold brigand (D:8)
  2 phantoms
  3 bullfrogs
  2 necrophages (D:6)
  5 scorpions
  8 wights
  3 killer bees (D:8)
  Dowan (D:6)
  5 howler monkeys
  3 jellies
  Crazy Yiuf (D:2)
  3 orc priests
  A gnoll bouda (D:4)
  4 hounds
  3 iron imps (D:9)
  8 orc wizards
  Natasha (thrice) (D:4)
  4 iguanas
  A hell rat (Sewer)
  6 gnolls
  8 adders
  A river rat (D:4)
  A shadow imp (D:7)
  2 ufetubi
  2 dart slugs
  5 worms
  20 orcs
  5 endoplasms
  5 giant cockroaches
  8 hobgoblins
  4 jackals (D:1)
  7 quokkas
  6 ball pythons
  7 bats
  2 frilled lizards
  8 goblins
  15 kobolds
  8 rats
211 creatures vanquished.

Vanquished Creatures (others)
  A howler monkey zombie (D:4)
  37 plants (D:2)
38 creatures vanquished.

Grand Total: 249 creatures vanquished

Notes
Turn   | Place    | Note
-------+----------+-------------------------------------------
     0 | D:1      | KittyFluff the Gargoyle Berserker began the quest for the
                  | Orb.
     0 | D:1      | Reached XP level 1. HP: 14/14 MP: 1/1
   212 | D:1      | Reached XP level 2. HP: 10/19 MP: 2/2
  1254 | D:2      | Reached ** piety under Trog
  1255 | D:2      | Reached XP level 3. HP: 19/23 MP: 3/3
  1555 | D:2      | Found a runed translucent door.
  1556 | D:2      | Noticed Crazy Yiuf
  1564 | D:2      | Killed Crazy Yiuf
  1565 | D:2      | Reached XP level 4. HP: 4/28 MP: 0/4
  2026 | D:2      | Noticed a scorpion
  2032 | D:2      | Killed a scorpion
  2033 | D:2      | Reached XP level 5. HP: 33/33 MP: 5/5
  3023 | D:3      | Reached skill level 1 in Staves
  3524 | D:4      | Noticed a phantom
  3533 | D:4      | Killed a phantom
  3534 | D:4      | Reached skill level 2 in Staves
  3534 | D:4      | Reached XP level 6. HP: 35/38 MP: 6/6
  3540 | D:4      | Noticed Natasha
  3548 | D:4      | Found a shimmering blue altar of Sif Muna.
  3548 | D:4      | Noticed a black bear
  3565 | D:4      | Killed a black bear
  3566 | D:4      | Reached skill level 3 in Staves
  3566 | D:4      | Reached skill level 1 in Throwing
  3642 | D:4      | Found a glowing silver altar of Zin.
  3711 | D:4      | Killed Natasha
  3711 | D:4      | Reached *** piety under Trog
  3824 | D:4      | Found a glowing drain.
  3828 | Sewer    | Entered a sewer
  3851 | Sewer    | Reached XP level 7. HP: 42/42 MP: 7/7
  3953 | D:4      | Noticed Grinder
  3964 | D:4      | Killed Grinder
  3965 | D:4      | Reached skill level 4 in Staves
  4330 | D:4      | Noticed Natasha
  4335 | D:4      | Killed Natasha
  4356 | D:4      | Noticed Natasha
  4361 | D:4      | Killed Natasha
  4362 | D:4      | Reached skill level 1 in Stealth
  4391 | D:4      | Noticed Edmund
  4405 | D:4      | Killed Edmund
  4406 | D:4      | Reached skill level 5 in Staves
  4406 | D:4      | Reached XP level 8. HP: 33/48 MP: 8/8
  4525 | D:4      | Found a blossoming altar of Fedhas.
  4525 | D:4      | Found a hazy altar of Hepliaklqana.
  4595 | D:5      | Entered Level 5 of the Dungeon
  4685 | D:5      | Found Luroi's Antique Weapon Shop.
  5155 | D:5      | Found a staircase to the Ecumenical Temple.
  5228 | D:5      | Identified the ring "Terimai" {rPois SInv}
  5331 | D:5      | Identified the +8 sling of Asoamuaf {vorpal, Fly rElec rC-
                  | Int+2}
  5392 | D:5      | Noticed Menkaure
  5401 | D:5      | Killed Menkaure
  5401 | D:5      | Reached **** piety under Trog
  5402 | D:5      | Reached skill level 6 in Staves
  5667 | D:6      | Noticed Duvessa
  5667 | D:6      | Noticed Dowan
  5680 | D:5      | Reached skill level 1 in Ranged Weapons
  5827 | D:6      | Killed Duvessa
  5833 | D:6      | Killed Dowan
  5898 | D:6      | Reached skill level 7 in Staves
  5898 | D:6      | Reached XP level 9. HP: 53/53 MP: 9/9
  5939 | D:6      | Reached skill level 5 in Armour
  6225 | D:6      | Reached skill level 5 in Fighting
  6542 | D:6      | Reached skill level 8 in Staves
  8074 | D:8      | Noticed Pikel
  8094 | D:8      | Killed Pikel
  8095 | D:8      | Reached skill level 9 in Staves
  8095 | D:8      | Reached XP level 10. HP: 52/60 MP: 10/10
  8523 | D:8      | Noticed Maurice
  8548 | D:8      | Killed Maurice
  8548 | D:8      | Reached ***** piety under Trog
  8549 | D:8      | Reached skill level 5 in Ranged Weapons
  9022 | D:8      | Noticed Joseph
  9035 | D:8      | Killed Joseph
  9455 | D:9      | Noticed Prince Ribbit
  9470 | D:9      | Killed Prince Ribbit
  9484 | D:9      | Found a burning altar of Makhleb.
  9795 | D:9      | Reached skill level 10 in Staves
  9826 | D:9      | Reached skill level 1 in Evocations
 10070 | D:9      | Reached XP level 11. HP: 13/65 MP: 11/11
 10072 | D:9      | HP: 2/97 [orc priest/divine providence (11)]
 10076 | D:9      | Mangled by a yak

Illustrated notes

Levels and vault maps discovered:
D:1:      dpeg_arrival_stonehenge_8_columns, layout_loops_cross
D:2:      layout_loops_cross, serial_bayou, serial_bayou_pond_c,
          serial_bayou_lake_a, serial_bayou_pond_d, serial_bayou_lagoon_a,
          grunt_ministairs_6, uniq_crazy_yiuf_cottage
D:3:      layout_basic
D:4:      layout_cave_pods, mainiacjoe_overflow_catwalk_spiral,
          jmf_multi_god_temple, gup_sewer_entry_bowl, uniq_edmund, uniq_natasha,
          uniq_grinder
D:5:      layout_basic, minmay_temple_entry_hall, serial_shops,
          nicolae_shop_stone, nrook_mini_backslash, uniq_menkaure
D:6:      layout_rooms, nicolae_concentric_dashed_squares_mild, uniq_duvessa
D:7:      layout_basic
D:8:      layout_basic, dk_noncrumbling_3, uniq_joseph, uniq_maurice, uniq_pikel
D:9:      layout_roguey, demons_altar, david_orc_3, uniq_prince_ribbit1

Skill      XL: |  1  2  3  4  5  6  7  8  9 10 11 |
---------------+----------------------------------+-----
Dodging        | 2 3 4 |  4.0
Armour         | 3 4 6 7 |  7.0
Maces & Flails | 4 |  4.2
Staves         | 2 3 5 7 9 10 | 10.5
Throwing       | 1 2 |  2.8
Fighting       | 4 5 6 |  6.3
Stealth        | 1 2 3 |  3.2
Ranged Weapons | 1 4 6 |  6.1
Evocations     | 2 |  2.4

Action                   |  1- 3 |  4- 6 |  7- 9 | 10-12 || total
-------------------------+-------+-------+-------+-------++-------
Melee: Mace              |   115 |       |       |       ||   115
       Quarterstaff      |       |   106 |   310 |   148 ||   564
 Fire: Sling             |       |       |    57 |    36 ||    93
Invok: Berserk           |     2 |     2 |     1 |     1 ||     6
  Use: Scroll            |     2 |     1 |     4 |     1 ||     8
 Stab: Sleeping          |       |     1 |     3 |       ||     4
       Paralysed         |       |       |     1 |     1 ||     2
Armor: Animal skin       |    48 |    46 |    30 |       ||   124
       Leather armour    |       |       |    92 |    41 ||   133
Dodge: Dodged            |    79 |    71 |   194 |    77 ||   421
